 Dungeon Crawl Stone Soup version 0.30-a0-622-gddc90eaa04 (webtiles) character file.

Game seed: 15231109782067584240

4813 Khashishi the Fighter (level 10, -20/82 (86) HPs)
             Began as a Demonspawn Monk on Jan 10, 2023.
             Was a Priest of Ru.
             Demolished by a very large slime creature (43 damage)
             ... on level 9 of the Dungeon.
             The game lasted 00:44:15 (7571 turns).

Khashishi the Fighter (Demonspawn Monk)             Turns: 7571, Time: 00:44:16

HP:   -20/82 (86)   AC: 17    Str: 15    XL:     10   Next: 24%
MP:   10/10         EV: 17    Int: 13    God:    Ru [***...]
Gold: 291           SH:  4    Dex: 28    Spells: 9/9 levels left

rFire   . . .      SeeInvis +    Q - +6 great sword (freeze)
rCold   + . .      Faith    .    (shield currently unavailable)
rNeg    . . .      Spirit   .    j - +3 leather armour "Zolikh" {Will+ Dex+3}
rPois   +          Reflect  .    l - +0 helmet
rElec   .          Harm     .    N - +0 cloak
rCorr   .          Rampage  .    L - +1 pair of gloves
Will    .....                    D - +0 pair of boots of the Yeti {rPois rC+ Str+4}
Stlth   ++                       i - amulet of the acrobat
HPRegen 0.33/turn                d - +6 ring of dexterity
MPRegen 0.12/turn                B - ring of see invisible

@: exhausted, lightly drained
A: hooves 2, rugged brown scales 2, icemail 1, powered by death 1, no earth
magic, no hexes magic, no necromancy magic, weak-willed 1, missing an eye,
condensation shield
a: Renounce Religion, Draw Out Power


You were on level 9 of the Dungeon.
You worshipped Ru.
Ru was most pleased with you.
You visited 2 branches of the dungeon, and saw 10 of its levels.
You also visited: Bailey.

You collected 431 gold pieces.
You spent 140 gold pieces at shops.

Inventory:

Hand Weapons
 y - the +11 flail of the Chain {heavy, rElec rF+++ Int-4 Stlth+}
   (You found it on level 6 of the Dungeon)

   Int:       It affects your intelligence (-4).
   rF:        It renders you almost immune to fire.
   rElec:     It insulates you from electricity.
   Stlth:     It makes you more stealthy.
 Q - a +6 great sword of freezing (weapon)
Missiles
 e - 2 boomerangs
 n - 4 throwing nets
 I - 3 poisoned darts (quivered)
Armour
 j - the +3 leather armour "Zolikh" (worn) {Will+ Dex+3}
   (You bought it in a shop on level 7 of the Dungeon)

   Dex:       It affects your dexterity (+3).
   Will:      It increases your willpower.
 l - a +0 helmet (worn)
 v - the +2 leather armour "Forget-Me-Not" {rC+ rN+ Int-4 Dex+3}
   (You found it on level 3 of the Dungeon)

   Int:       It affects your intelligence (-4).
   Dex:       It affects your dexterity (+3).
   rC:        It protects you from cold.
   rN:        It protects you from negative energy.
 D - the +0 pair of boots of the Yeti (worn) {rPois rC+ Str+4}
   (You found it on level 3 of the Dungeon)

   Str:       It affects your strength (+4).
   rC:        It protects you from cold.
   rPois:     It protects you from poison.
 L - a +1 pair of gloves (worn)
 N - a +0 cloak (worn)
Magical Staves
 R - a staff of cold
Jewellery
 d - a +6 ring of dexterity (left hand)
 i - an amulet of the acrobat (around neck)
 B - a ring of see invisible (right hand)
Wands
 a - a wand of flame (46)
 g - a wand of light (11)
 G - a wand of iceblast (6)
Scrolls
 m - 3 scrolls of teleportation
 o - a scroll of amnesia
 p - 3 scrolls of fog
 q - a scroll of brand weapon
 t - 4 scrolls of poison
 w - 3 scrolls of vulnerability
Potions
 b - a potion of cancellation {unknown}
 c - 5 potions of ambrosia
 f - a potion of magic {unknown}
 h - a potion of lignification {unknown}
 k - a potion of flight {unknown}
 s - 2 potions of resistance
 z - 4 potions of curing
 A - 4 potions of mutation
 J - a potion of haste {unknown}
 K - 4 potions of might
 O - 3 potions of heal wounds
Miscellaneous
 H - a tin of tremorstones (2/2)
 P - a condenser vane


   Skills:
 + Level 8.9 Fighting
 - Level 3.3(5.3) Short Blades
 + Level 6.6(7.0) Long Blades
 - Level 6.1 Maces & Flails
 - Level 3.2 Armour
 + Level 6.4 Dodging
 - Level 1.7 Stealth
 - Level 0.3 Shields


You had 9 spell levels left.
You didn't know any spells.
Your spell library contained the following spells:

 Spells                   Type           Power      Damage    Failure   Level
 Ozocubu's Armour         Ice            0%         N/A       75%         3
 Summon Ice Beast         Ice/Summ       0%         N/A       98%         4
 Monstrous Menagerie      Summ           0%         N/A       100%        7
 Metabolic Englaciation   Hex/Ice        Unusable   N/A       N/A         5
 Summon Mana Viper        Hex/Summ       Unusable   N/A       N/A         5
 Simulacrum               Ice/Necr       Unusable   N/A       N/A         6

Dungeon Overview and Level Annotations

Branches:
Dungeon (9/15)             Temple (1/1) D:5          Bailey (visited)
   Lair: D:8-11         Orc: D:9-12

Altars:
Ashenzari
Cheibriados
Dithmenos
Fedhas
Gozag
Hepliaklqana
Kikubaaqudgha
Makhleb
Nemelex Xobeh
Okawaru
Qazlal
Ru
Sif Muna
Trog
Uskayaw
Vehumet
Wu Jian
Xom
Yredelemnul

Shops:
D:5 (   D:7 [

Annotations:
D:8 1 runed translucent door, bmack86's ghost, novice MiFi


Innate Abilities, Weirdness & Mutations

You have hoof-like feet.
You are mostly covered in rugged brown scales. (AC +2, +5% HP)
A meltable icy envelope protects you from harm. (AC +4)
You regenerate a little health from kills.
You cannot study or cast Earth magic.
You cannot study or cast Hexes magic.
You cannot study or cast Necromancy magic.
You are slightly weak-willed. (Will-)
You are missing an eye, making it more difficult to aim.
A meltable shield of frost defends you. (SH +4)


Message History

The slime creature hits you but does no damage.
You slash the large slime creature! You freeze the large slime creature.
The large slime creature is almost dead.
The large slime creature hits you!!
* * * LOW HITPOINT WARNING * * *
The slime creature barely misses you.
The large slime creature hits you but does no damage.
The slime creature hits you.
* * * LOW HITPOINT WARNING * * *
You are restored by drawing out deep reserves of power within.
You feel drained.
The large slime creature hits you but does no damage.
The slime creature hits you but does no damage.
The large slime creature attacks as you move away!
The large slime creature misses you.
The slime creature attacks as you move away!
The slime creature is stunned by your conviction and fails to attack.
Two slime creatures merge to form a very large slime creature.
A slime creature comes into view.
Aiming: Iceblast
Press: ? - help, Shift-Dir - straight line, f - very large slime creature
Aim: a very large slime creature (severely wounded)
The mass of ice explodes!
The iceblast engulfs the very large slime creature!
The very large slime creature is severely wounded.
The slime creature quivers.
You hear a shout!
Aiming: Bolt of Light
Press: ? - help, Shift-Dir - straight line, f/p - very large slime creature
Aim: a very large slime creature (severely wounded, 88% to hit)
The bolt of light hits the very large slime creature!
The very large slime creature is almost dead.
The very large slime creature hits you.
* * * LOW HITPOINT WARNING * * *
You slash the very large slime creature!
You freeze the very large slime creature.
The very large slime creature is almost dead.
The very large slime creature hits you!!!
Ouch! That really hurt!
You die...

........##.....###
.^..#............## #.
#.........#...#
##.........#...#
#.....##.###..#######
#..<#.##.....## .....
#..##........###.....
...<.#.#..J##..#.......
..........##@##..........
......... #..####........
....#.. ................
...##....................
... ......J.....##.......
...........# .#.....
#.........## ....#..
..........# ..##... .....
### #..


You could see a very large slime creature and a slime creature.

Vanquished Creatures
  Sigmund (D:6)
  4 yaks (D:8)
  Eustachio (D:6)
  Grum (Bailey)
  A steam dragon (D:7)
  A water moccasin (D:6)
  Duvessa (D:4)
  An orc warrior (D:7)
  A black bear (D:4)
  2 ice beasts (D:6)
  2 sky beasts
  4 wolves (Bailey)
  An ogre (D:4)
  2 centaurs (D:8)
  9 gnoll sergeants
  A necrophage (D:6)
  2 bullfrogs (D:7)
  A scorpion (D:5)
  5 wights
  Dowan (D:4)
  2 howler monkeys
  2 jellies
  3 orc priests
  2 hounds (Bailey)
  Crazy Yiuf (D:6)
  8 gnoll boudas
  Jessica (D:1)
  2 iguanas
  Natasha (thrice) (D:4)
  3 orc wizards
  33 gnolls
  9 adders
  2 white imps
  4 dart slugs
  A worm (D:3)
  23 orcs
  5 ball pythons
  2 bats (D:3)
  7 endoplasms
  4 giant cockroaches
  12 goblins
  5 hobgoblins
  7 jackals
  15 kobolds
  6 quokkas
  7 frilled lizards
  3 rats
214 creatures vanquished.

Vanquished Creatures (others)
  A worm (D:5)
1 creature vanquished.

Grand Total: 215 creatures vanquished

Notes
Turn   | Place    | Note
-------+----------+-------------------------------------------
     0 | D:1      | Khashishi the Demonspawn Monk began the quest for the Orb.
     0 | D:1      | Reached XP level 1. HP: 18/18 MP: 1/1
   180 | D:1      | Gained mutation: You regenerate a little health from kills.
                  | [demonic ancestry]
   180 | D:1      | Reached XP level 2. HP: 21/24 MP: 2/2
   640 | D:2      | Gained mutation: You are partially covered in rugged brown
                  | scales. (AC +1, +3% HP) [demonic ancestry]
   640 | D:2      | Reached XP level 3. HP: 18/29 MP: 3/3
   684 | D:2      | Reached skill level 4 in Fighting
   725 | D:2      | Gained mutation: A meltable shield of frost defends you.
                  | (SH +4) [demonic ancestry]
   725 | D:2      | Reached XP level 4. HP: 38/38 MP: 4/4
   801 | D:2      | Noticed Jessica
   801 | D:2      | Found a faded altar of an unknown god.
   806 | D:1      | Killed Jessica
  1369 | D:3      | Gained mutation: You are mostly covered in rugged brown
                  | scales. (AC +2, +5% HP) [demonic ancestry]
  1369 | D:3      | Reached XP level 5. HP: 39/45 MP: 5/5
  1369 | D:3      | Identified the +2 leather armour "Forget-Me-Not" {rC+ rN+
                  | Int-4 Dex+3}
  1441 | D:3      | Found a sacrificial altar of Ru.
  1454 | D:3      | Became a worshipper of Ru the Awakened
  1461 | D:3      | Gained mutation: You cannot study or cast Earth magic. [Ru
                  | sacrifice]
  1461 | D:3      | Gained mutation: You cannot study or cast Hexes magic. [Ru
                  | sacrifice]
  1461 | D:3      | Gained mutation: You cannot study or cast Necromancy magic.
                  | [Ru sacrifice]
  1461 | D:3      | Reached * piety under Ru
  1711 | D:3      | Reached skill level 1 in Short Blades
  1937 | D:3      | Identified the +0 pair of boots of the Yeti {rPois rC+
                  | Str+4}
  2161 | D:4      | Noticed Duvessa
  2161 | D:4      | Noticed Dowan
  2260 | D:4      | Noticed a black bear
  2276 | D:4      | Killed a black bear
  2277 | D:4      | Reached skill level 5 in Fighting
  2277 | D:4      | Reached skill level 1 in Armour
  2277 | D:4      | Reached XP level 6. HP: 53/53 MP: 6/6
  2311 | D:4      | Noticed Natasha
  2331 | D:4      | Killed Natasha
  2437 | D:5      | Entered Level 5 of the Dungeon
  2437 | D:5      | Found a snail-covered altar of Cheibriados.
  2585 | D:5      | Found a staircase to the Ecumenical Temple.
  2592 | Temple   | Entered the Ecumenical Temple
  2871 | D:5      | Found a large runed translucent door.
  2872 | D:5      | Found a large runed translucent door.
  2949 | D:4      | Noticed Natasha
  2966 | D:4      | Killed Natasha
  3049 | D:4      | Killed Duvessa
  3050 | D:4      | Gained mutation: You have large cloven feet. [demonic
                  | ancestry]
  3050 | D:4      | Reached XP level 7. HP: 43/59 MP: 7/7
  3072 | D:4      | Killed Dowan
  3255 | D:4      | Noticed Natasha
  3307 | D:4      | Killed Natasha
  3323 | D:4      | Reached skill level 6 in Fighting
  3331 | D:4      | Gained mutation: You are missing an eye, making it more
                  | difficult to aim. [Ru sacrifice]
  3331 | D:4      | Reached ** piety under Ru
  3935 | D:5      | Found Gotan's Antique Weapon Shop.
  4000 | D:5      | Found an opulent altar of Gozag.
  4031 | D:5      | Found an ornate altar of the Wu Jian Council.
  4038 | D:5      | Gained mutation: You have hoof-like feet. [demonic
                  | ancestry]
  4038 | D:5      | Reached XP level 8. HP: 62/67 MP: 8/8
  4216 | D:6      | Found a runed translucent door.
  4217 | D:6      | Noticed Crazy Yiuf
  4226 | D:6      | Killed Crazy Yiuf
  4315 | D:6      | Identified the +11 flail of the Chain {heavy, rElec rF+++
                  | Int-4 Stlth+}
  4325 | D:6      | Noticed Eustachio
  4343 | D:6      | Killed Eustachio
  4344 | D:6      | Reached skill level 1 in Maces & Flails
  5008 | D:6      | Noticed Sigmund
  5012 | D:6      | Killed Sigmund
  5013 | D:6      | Reached skill level 5 in Maces & Flails
  5130 | D:6      | Reached XP level 9. HP: 74/74 MP: 9/9
  5556 | D:7      | Reached skill level 7 in Fighting
  5894 | D:7      | Gained mutation: You are slightly weak-willed. (Will-) [Ru
                  | sacrifice]
  5894 | D:7      | Reached *** piety under Ru
  5940 | D:7      | Found a sparkling altar of Nemelex Xobeh.
  6022 | D:7      | Found Xaneviad's Antique Armour Emporium.
  6030 | D:7      | Bought a translucent leather armour for 140 gold pieces
  6030 | D:7      | Identified the +3 leather armour "Zolikh" {Will+ Dex+3}
                  | (You bought it in a shop on level 7 of the Dungeon)
  6224 | D:8      | Reached skill level 5 in Long Blades
  6359 | D:8      | Reached skill level 5 in Dodging
  6386 | D:8      | Found a flagged portal.
  6399 | Bailey   | Entered a bailey
  6508 | Bailey   | Reached skill level 8 in Fighting
  6857 | Bailey   | Gained mutation: A meltable icy envelope protects you from
                  | harm. (AC +4) [demonic ancestry]
  6857 | Bailey   | Reached XP level 10. HP: 54/86 MP: 10/10
  6888 | Bailey   | Noticed Grum
  6955 | Bailey   | Killed Grum
  7236 | D:8      | Found a runed translucent door.
  7236 | D:8      | Found a shimmering altar of Xom.
  7236 | D:8      | Noticed a +1 trident of chaos
  7236 | D:8      | Noticed bmack86's ghost (novice MiFi)
  7571 | D:9      | Demolished by a very large slime creature

Illustrated notes

Levels and vault maps discovered:
D:1:      ebering_hopf_link, layout_basic, serial_bayou_pond_e
D:2:      layout_basic, nicolae_ecumenical_oubliette, uniq_jessica
D:3:      minmay_spotlight, layout_loops_cross, nicolae_ru_sacrificial_ziggurat
D:4:      layout_basic, uniq_natasha, uniq_duvessa
D:5:      layout_rooms, cheibriados_altar_1, jmf_multi_god_temple2,
          minmay_temple_entry_tees, serial_shops, nicolae_shop_trees,
          nicolae_underground_beach
D:6:      layout_layer_cave, serial_glass, glass_columns_b, glass_columns_c,
          glass_columns_a, glass_columns_b, minmay_strange_pillars,
          minmay_strange_pillars, item_on_display_b, columned_hall_lemuel,
          uniq_crazy_yiuf_cottage, uniq_sigmund, uniq_eustachio
D:7:      layout_gridville, nemelex_spade_bored_becter, serial_shops, shop
D:8:      layout_rooms, enter_bailey_7, ebering_ghost_xom
D:9:      statuecave_lemuel, layout_cave_pools
Temple:   minmay_temple_bridge_d

Skill      XL: |  1  2  3  4  5  6  7  8  9 10 |
---------------+-------------------------------+-----
Long Blades    | 3 4 6 |  6.6
Fighting       | 4 5 6 8 |  8.9
Short Blades   | 1 2 3 |  3.3
Armour         | 1 2 3 |  3.2
Dodging        | 3 5 6 |  6.4
Maces & Flails | 5 6 |  6.1
Stealth        | |  1.7
Shields        | |  0.3

Action                   |  1- 3 |  4- 6 |  7- 9 | 10-12 || total
-------------------------+-------+-------+-------+-------++-------
Melee: Falchion          |    85 |    47 |       |       ||   132
       Short sword       |       |   142 |    84 |       ||   226
       Flail             |       |       |   201 |    48 ||   249
       Great sword       |       |       |       |    13 ||    13
Throw: Stone             |     6 |     8 |     2 |       ||    16
       Dart              |    14 |    64 |    25 |     2 ||   105
Invok: Sacrifice Arcana  |       |     1 |       |       ||     1
       Sacrifice an Eye  |       |       |     1 |       ||     1
       Sacrifice Essence |       |       |     1 |       ||     1
       Draw Out Power    |       |       |       |     1 ||     1
Evoke: Wand              |       |     1 |     6 |     2 ||     9
  Use: Scroll            |       |     3 |     9 |     6 ||    18
       Potion            |       |       |     2 |       ||     2
 Stab: Sleeping          |     3 |     6 |     7 |       ||    16
       Distracted        |       |     1 |     4 |       ||     5
       Invisible         |       |       |       |     1 ||     1
Armor: Robe              |     4 |       |       |       ||     4
       Ring mail         |     7 |     5 |       |       ||    12
       Leather armour    |     4 |    15 |    88 |    15 ||   122
       Scale mail        |       |     9 |       |       ||     9
       Plate armour      |       |    20 |       |       ||    20
Dodge: Dodged            |    41 |    46 |   267 |    51 ||   405
Block: Other             |       |    12 |     7 |     1 ||    20
       Kite shield       |       |       |     3 |       ||     3
       Buckler           |       |       |   195 |    27 ||   222

Table legend: (Time is in decaauts)
 A = Elapsed time spent in this place.
 B = Non-inter-level travel time spent in this place.
 C = Inter-level travel time spent in this place.
 D = Time resting spent in this place.
 E = Time spent auto-exploring this place.
 F = Levels seen in this place.
 G = Mean time per level.
                   A        B        C        D        E       F      G
               +--------+--------+--------+--------+--------+-----+--------+
         Total |   7746 |   7169 |    577 |    469 |   3260 |  11 |  704.2 |
       Dungeon |   6744 |   6175 |    569 |    249 |   3032 |   9 |  749.3 |
        Temple |    231 |    223 |      8 |      0 |    212 |   1 |  231.0 |
        Bailey |    770 |    770 |      0 |    220 |     16 |   1 |  770.0 |
               +--------+--------+--------+--------+--------+-----+--------+

Top non-repeatable levels by time:
     D:6: 1362 daAuts
     D:3: 877 daAuts
     D:4: 861 daAuts
     D:7: 859 daAuts
     D:5: 792 daAuts
  Bailey: 770 daAuts
     D:1: 700 daAuts
     D:2: 693 daAuts
     D:8: 536 daAuts
  Temple: 231 daAuts
     D:9: 60 daAuts
